Map: Blackpink LE

Players

IlIlIlIlIlIl - Winner!

  • Race: Protoss Protoss
  • League: Grandmaster
  • Spawn Location: 7:00

llllllllllll

  • Race: Terran Terran
  • League: Grandmaster
  • Spawn Location: 1:00

VOD

Have the link to the VOD?

Description

Time

  • Played on: Jan. 17, 2018, 1:54 p.m.
  • Length: 8:21
Show
View Real Time Build Order
Export as new Build Order

IlIlIlIlIlIl Protoss - Winner!

Build Orders: 1 Gate Expand, Blink Stalkers 

Get SALT Encoding   

  12  0:00  Probe  
  13  0:12  Probe  
  14  0:17  Pylon  
  14  0:24  Probe (Chrono Boost)  
  16  0:37  Probe (Chrono Boost)  
  16  0:39  Gateway  
  16  0:43  Probe (Chrono Boost)  
  16  0:45  Assimilator  
  17  0:51  Probe  
  18  1:03  Probe  
  19  1:15  Probe  
  20  1:23  Nexus  
  20  1:31  Cybernetics Core  
  20  1:34  Probe  
  20  1:39  Assimilator  
  21  1:46  Probe  
  22  1:50  Pylon  
  22  1:59  Probe  
  23  2:05  Stalker (Chrono Boost)  
  25  2:08  Warp Gate  
  25  2:11  Probe  
  26  2:23  Probe  
  26  2:27  Stalker  
  29  2:34  Twilight Council  
  29  2:36  Probe x2 (Chrono Boost)  
  32  2:45  Probe x2 (Chrono Boost)  
  32  2:50  Probe x2 (Chrono Boost)  
  34  3:02  Probe x2, Gateway  
  34  3:05  Blink (Chrono Boost)  
  36  3:07  Gateway  
  36  3:16  Probe  
  36  3:19  Probe  
  38  3:27  Stalker  
  38  3:28  Probe  
  38  3:31  Probe  
  38  3:32  Pylon  
  42  3:40  Probe  
  43  3:41  Pylon  
  43  3:43  Probe  
  44  3:53  Probe  
  44  3:55  Probe  
  46  4:06  Nexus  
  46  4:12  Stalker x3  
  46  4:16  Probe x2  
  54  4:23  Pylon, Assimilator  
  54  4:29  Probe x2  
  56  4:34  Robotics Facility  
  56  4:40  Stalker  
  56  4:42  Stalker x2  
  56  4:45  Probe x2  
  64  4:51  Charge (Chrono Boost)  
  64  4:57  Probe x2  
  66  5:08  Pylon  
  66  5:10  Probe x2 (Chrono Boost)  
  66  5:11  Pylon  
  68  5:19  Probe (Chrono Boost)  
  69  5:22  Probe (Chrono Boost), Observer  
  69  5:23  Probe (Chrono Boost)  
  73  5:28  Probe (Chrono Boost)  
  73  5:29  Probe x2 (Chrono Boost)  
  73  5:30  Gateway  
  73  5:31  Gateway  
  73  5:33  Probe (Chrono Boost), Gateway  
  73  5:35  Gateway  
  76  5:36  Probe  
  76  5:38  Gateway  
  77  5:44  Observer, Gateway  
  77  5:45  Gateway  
  77  5:49  Forge  
  78  5:53  Sentry  
  78  5:54  Sentry x2  
  84  5:57  Pylon  
  84  5:59  Probe x3  
  87  6:06  Observer  
  88  6:12  Pylon  
  88  6:16  Pylon  
  88  6:17  Zealot x3  
  94  6:23  Protoss Ground Armor Level 1 (Chrono Boost)  
  93  6:28  Zealot x3  
  99  6:34  Forge  
  99  6:37  Zealot x3  
  99  6:38  Warp Prism, Zealot  
  109  6:43  Zealot x3  
  115  6:47  Pylon  
  115  6:48  Pylon  
  115  6:58  Zealot x5  
  115  7:00  Pylon  
  125  7:01  Pylon  
  125  7:14  Zealot x2  
  125  7:15  Zealot x3  
  135  7:16  Observer  
  135  7:19  Stalker x2  
  135  7:20  Observer  
  139  7:22  Stalker  
  139  7:25  Stalker  
  139  7:27  Stalker  
  145  7:31  Pylon  
  145  7:50  Zealot x9  
  145  7:51  Zealot  
  148  8:10  Zealot x9  
  148  8:12  Zealot  
Show
View Real Time Build Order
Export as new Build Order

llllllllllll Terran 

Build Orders: Mech 

Get SALT Encoding   

  12  0:02  SCV  
  13  0:14  SCV  
  14  0:18  Supply Depot  
  14  0:26  SCV  
  15  0:40  SCV  
  15  0:41  Barracks  
  16  0:45  Refinery  
  16  0:53  SCV  
  17  1:05  SCV  
  18  1:18  SCV  
  19  1:30  Orbital Command  
  19  1:31  Marine  
  20  1:46  Command Center  
  20  1:52  Factory  
  20  1:57  SCV  
  21  2:04  Barracks Reactor  
  21  2:09  SCV  
  21  2:13  Supply Depot  
  22  2:18  Refinery  
  22  2:21  SCV  
  23  2:33  Bunker  
  23  2:35  SCV  
  24  2:39  Widow Mine  
  24  2:41  Marine x2  
  28  2:47  SCV  
  28  2:48  Starport  
  30  2:59  Orbital Command  
  30  3:00  SCV  
  30  3:09  Marine x2  
  30  3:10  Factory Tech Lab  
  30  3:12  SCV  
  33  3:24  SCV  
  33  3:25  SCV  
  37  3:28  Starport Tech Lab  
  37  3:29  Siege Tank  
  38  3:36  SCV  
  38  3:37  Supply Depot, SCV  
  38  3:40  Marine x2  
  42  3:49  SCV x2  
  42  3:51  Supply Depot  
  42  3:55  Raven  
  44  3:58  Marine x2  
  44  4:01  SCV x2  
  50  4:13  SCV x2  
  50  4:16  Marine x2, Supply Depot  
  54  4:19  Siege Tank  
  57  4:25  SCV x2  
  57  4:30  Command Center  
  59  4:37  SCV  
  59  4:38  SCV  
  61  4:48  Supply Depot  
  61  4:49  Refinery, SCV  
  61  4:50  Refinery, SCV  
  61  4:52  Marine, Siege Tank  
  67  5:01  SCV  
  67  5:02  SCV  
  67  5:03  Stimpack  
  69  5:08  Engineering Bay  
  69  5:11  Marine, Engineering Bay  
  69  5:12  Starport Reactor  
  69  5:13  SCV  
  71  5:14  SCV  
  71  5:17  Supply Depot  
  72  5:24  Siege Tank  
  72  5:25  SCV  
  72  5:26  SCV  
  77  5:33  Marine  
  78  5:36  Barracks  
  78  5:37  Barracks  
  78  5:38  SCV x2  
  80  5:43  Supply Depot x2  
  80  5:44  Orbital Command  
  80  5:49  Terran Infantry Weapons Level 1  
  80  5:56  Terran Infantry Armor Level 1, SCV x2  
  82  5:59  Marine  
  82  6:02  Siege Tank  
  86  6:04  Starport Reactor  
  86  6:08  SCV  
  86  6:09  SCV  
  86  6:10  Orbital Command  
  88  6:23  SCV  
  88  6:24  SCV  
  90  6:28  Barracks x2  
  90  6:31  Marine x4  
  94  6:34  Siege Tank  
  94  6:35  SCV  
  94  6:36  SCV x2  
  100  6:40  Refinery  
  100  6:42  Supply Depot  
  100  6:44  Supply Depot  
  100  6:45  Refinery  
  100  6:48  Marine x2, SCV  
  100  6:50  Medivac  
  100  6:53  Medivac  
  107  6:56  Armory  
  107  6:58  Supply Depot  
  107  7:09  Missile Turret  
  107  7:11  Missile Turret  
  107  7:12  Marine x3  
  107  7:13  Missile Turret  
  107  7:14  Siege Tank  
  113  7:15  Missile Turret  
  113  7:21  Missile Turret  
  113  7:22  Missile Turret  
  113  7:23  Marine, Barracks Reactor x2  
  113  7:29  Medivac  
  116  7:30  Medivac  
  116  7:36  Marine x2  
  120  7:46  Factory x2  
  120  7:53  Supply Depot  
  120  7:55  Supply Depot  
  120  7:56  Marine x2, Supply Depot  
  125  8:00  Marine x2  
Tags
 
Add a new tag
Caveats
  • Supply blocks, unpowered buildings, or Contaminate may cause inaccurate times.
  • Supply counts are checked every 10 seconds.